[Event "*** Titled Tuesday Blitz"]
[Site "Chess.com"]
[Date "2020.04.21"]
[Round "6"]
[White "nihalsarin"]
[Black "Echecmat"]
[Result "1-0"]
[WhiteElo "3016"]
[BlackElo "2176"]
[TimeControl "180+1"]
[EndTime "11:05:39 PDT"]
[Termination "nihalsarin won by resignation"]

1. h4 d5 2. h5 Nf6 3. d4 Bg4 4. h6 g6 5. Nc3 c6 6. f3 Bc8 7. e4 e6 8. e5 Nfd7 9. Nh3 Be7 10.
Nf2 c5 11. Nb5 Qb6 12. a4 Nc6 13. dxc5 Nxc5 14. a5 Qd8 15. Ng4 a6 16. Nd4 Bh4+ 17. Ke2 Bd7 18. Be3 Nxd4+ 19. Qxd4 Bb5+ 20. Kd2 Nd7 21. Bxb5 axb5 22. Rxh4 Rxa5 23. Rxa5 Qxa5+ 24. b4 Qd8 25. Rh1 O-O 26. Ra1 f5 27. exf6 Qc7 28.
f7+ Rxf7 29. Ra8+ Nb8 30. Nf6+ Kf8 31. Qc5+ Re7 32. Qxc7 Rxc7 33. Rxb8+ 1-0

[Event "*** Titled Tuesday Blitz"]
[Site "Chess.com"]
[Date "2020.04.21"]
[Round "6"]
[White "steepedgames"]
[Black "cukin84"]
[Result "1-0"]
[WhiteElo "2337"]
[BlackElo "2128"]
[TimeControl "180+1"]
[EndTime "11:05:42 PDT"]
[Termination "steepedgames won by resignation"]

1. d4 f5 2. e4 fxe4 3. Nc3 Nf6 4. Bg5 g6 5. f3 d5 6. fxe4 dxe4 7. Qd2 Nc6 8.
O-O-O Bf5 9. h3 h5 10. Bb5 Qd6 11. Bf4 Qb4 12. d5 O-O-O 13. dxc6 Rxd2 14. Rxd2 bxc6 15. Ba6+ Qb7 16. Bxb7+ Kxb7 17. Nge2 e6 18. Rd8 e5 19. Bg5 Bg7 20. Rxh8 Bxh8 1-0

[Event "*** Titled Tuesday Blitz"]
[Site "Chess.com"]
[Date "2020.04.21"]
[Round "6"]
[White "jfriedel"]
[Black "BlueWizzard"]
[Result "1-0"]
[WhiteElo "2595"]
[BlackElo "2740"]
[TimeControl "180+1"]
[EndTime "11:05:44 PDT"]
[Termination "jfriedel won by resignation"]

1. d4 c6 2. c4 d6 3. Nf3 Nf6 4. Nc3 Bf5 5. g3 g6 6. Bg2 Ne4 7. O-O Bg7 8. Ne1 Nxc3 9. bxc3 O-O 10. e4 Be6 11. Qe2 Qa5 12. Rb1 Nd7 13. d5 Nc5 14.
dxe6 fxe6 15. Nd3 Na4 16. Rxb7 Nxc3 17. Qg4 Rf6 18. Rxe7 Qxa2 19. Bg5 h5 20. Qh3 Rf5 1-0

[Event "*** Titled Tuesday Blitz"]
[Site "Chess.com"]
[Date "2020.04.21"]
[Round "6"]
[White "Spring199"]
[Black "Shoytan"]
[Result "1-0"]
[WhiteElo "2394"]
[BlackElo "2530"]
[TimeControl "180+1"]
[EndTime "11:05:45 PDT"]
[Termination "Spring199 won by resignation"]

1. d4 Nf6 2. c4 g6 3. Nc3 Bg7 4. e4 O-O 5. Nge2 d6 6. Ng3 e5 7. d5 Na6 8. h4 h5 9. Bg5 Bd7 10. Be2 c6 11. Qd2 Qa5 12. Bxf6 Bxf6 13. Bxh5 gxh5 14.
Nxh5 Qd8 15. Qh6 Bh8 16. O-O-O Nc5 17. Rh3 Bxh3 18. gxh3 f5 19. Qg6+ 1-0

[Event "*** Titled Tuesday Blitz"]
[Site "Chess.com"]
[Date "2020.04.21"]
[Round "6"]
[White "Jeffinho023"]
[Black "cassoulet"]
[Result "0-1"]
[WhiteElo "2485"]
[BlackElo "2646"]
[TimeControl "180+1"]
[EndTime "11:05:50 PDT"]
[Termination "cassoulet won by resignation"]

1. d4 d5 2. Nf3 Nf6 3. Bf4 g6 4. e3 Bg7 5. h3 O-O 6. Nbd2 c5 7. c3 Nc6 8. Be2 Nd7 9. O-O e5 10. dxe5 Ndxe5 11. Nxe5 Nxe5 12. Nf3 Nc6 13. Qb3 b6 14.
Rfd1 Be6 15. Qa4 Ne7 16. Be5 f6 17. Bh2 Bd7 18. Qb3 Qe8 19. e4 Ba4 20. Qa3 Bxd1 21. Bxd1 dxe4 22. Nd2 Nf5 23. Bb3+ Kh8 24. Bd5 e3 25.
Bxa8 exd2 0-1

[Event "*** Titled Tuesday Blitz"]
[Site "Chess.com"]
[Date "2020.04.21"]
[Round "6"]
[White "Yurovskykh_Oleksandr"]
[Black "IMRosen"]
[Result "0-1"]
[WhiteElo "2608"]
[BlackElo "2487"]
[TimeControl "180+1"]
[EndTime "11:06:17 PDT"]
[Termination "IMRosen won by resignation"]

1. d4 d5 2. Bf4 Nf6 3. e3 c5 4. c3 Nc6 5. Nd2 cxd4 6. exd4 Bf5 7. Ngf3 e6 8. Be2 Bd6 9. Bxd6 Qxd6 10. O-O h6 11. Re1 O-O 12. h3 Rab8 13. a4 Rfc8 14. Bf1 a6 15. Ne5 Nd7 16. Nxd7 Qxd7 17. a5 Qc7 18. b4 Re8 19. Nb3 Rbd8 20. Qd2 Ne7 21. Nc5 Nc8 22. Re3 Nd6 23. Rg3 Ne4 24. Nxe4 Bxe4 25. Qxh6 Qxg3 0-1

[Event "*** Titled Tuesday Blitz"]
[Site "Chess.com"]
[Date "2020.04.21"]
[Round "6"]
[White "vpsetter"]
[Black "MasterKroket"]
[Result "1-0"]
[WhiteElo "2601"]
[BlackElo "2426"]
[TimeControl "180+1"]
[EndTime "11:06:17 PDT"]
[Termination "vpsetter won by resignation"]

1. e4 c5 2. Nf3 e6 3. d4 cxd4 4.
Nxd4 Nc6 5. Nc3 Qc7 6. Be3 a6 7. Be2 Nf6 8. O-O Bb4 9. Na4 O-O 10. c4 Bd6 11. f4 Nxe4 12. Bf3 f5 13. Rc1 Rb8 14. g3 Be7 15. c5 Bf6 16. Nb6 Nxd4 17. Bxd4 e5 18. Nd5 Qc6 19. Bxe5 Qe6 20. Bxb8 Bxb2 21. Rc2 Ba3 22. Bxe4 fxe4 23. Bd6 Rf5 24. Ne7+ 1-0

[Event "*** Titled Tuesday Blitz"]
[Site "Chess.com"]
[Date "2020.04.21"]
[Round "6"]
[White "Aikiigm"]
[Black "tomsishere"]
[Result "0-1"]
[WhiteElo "2567"]
[BlackElo "2398"]
[TimeControl "180+1"]
[EndTime "11:06:19 PDT"]
[Termination "tomsishere won by resignation"]

1. d4 Nf6 2. Bf4 g6 3. Nc3 d5 4. Qd2 Bg7 5. Bh6 Bxh6 6. Qxh6 c5 7. e3 cxd4 8. exd4 Nc6 9. Nf3 Bg4 10. Ne5 Nxd4 11.
Nxg4 Nxg4 12. Qg7 Qb6 13. Qxh7 Rxh7 14. O-O-O Nxf2 15. Nxd5 Qc5 16. Rxd4 Qxd4 0-1

[Event "*** Titled Tuesday Blitz"]
[Site "Chess.com"]
[Date "2020.04.21"]
[Round "6"]
[White "LiemLe"]
[Black "praveenb2002"]
[Result "1-0"]
[WhiteElo "2999"]
[BlackElo "2718"]
[TimeControl "180+1"]
[EndTime "11:06:20 PDT"]
[Termination "LiemLe won by resignation"]

1. d4 d5 2. c4 c6 3. Nf3 Nf6 4. g3 Bg4 5. Ne5 Bh5 6. cxd5 cxd5 7. Nc3 e6 8. Qa4+ Nbd7 9. e4 dxe4 10. Bg5 a6 11.
Nxd7 Qxd7 12. Bb5 axb5 13. Qxa8+ Qd8 14. Qxb7 Be7 15. Bxf6 Bxf6 16. Qxb5+ Kf8 17. Qxh5 g6 18. Qc5+ Kg7 19. Rd1 Qa8 20. O-O Rc8 21. Qb5 Rb8 22. Qe2 Rb4 23. Qxe4 Qa7 24. Qe2 Qb6 25. d5 Rxb2 26. Na4 Rxe2 27. Nxb6 exd5 28. Nxd5 Rxa2 29. Nxf6 Kxf6 30. Rd7 1-0

[Event "*** Titled Tuesday Blitz"]
[Site "Chess.com"]
[Date "2020.04.21"]
[Round "6"]
[White "Quiet_Desperation"]
[Black "DrVitman"]
[Result "0-1"]
[WhiteElo "1977"]
[BlackElo "2541"]
[TimeControl "180+1"]
[EndTime "11:06:20 PDT"]
[Termination "DrVitman won by resignation"]

1. e4 c5 2. Nf3 Nc6 3. d4 cxd4 4. Nxd4 e5 5. Nb5 a6 6. N5c3 Bc5 7. Bc4 Qh4 8. Bxf7+ Kf8 9. O-O Nf6 10. Bb3 d6 11. Qd3 Nd4 12. Qg3 Qxg3 13. hxg3 b5 14. Bd5 Nxd5 15. Nxd5 Nxc2 0-1

[Event "*** Titled Tuesday Blitz"]
[Site "Chess.com"]
[Date "2020.04.21"]
[Round "6"]
[White "ntmh281"]
[Black "BlackWidow515"]
[Result "0-1"]
[WhiteElo "2256"]
[BlackElo "2096"]
[TimeControl "180+1"]
[EndTime "11:06:20 PDT"]
[Termination "BlackWidow515 won by checkmate"]

1. d4 d5 2. Bf4 Nf6 3. e3 e6 4. Nf3 Bd6 5. Bg3 O-O 6. Nbd2 b6 7. Bd3 Bb7 8. Qe2 Nbd7 9. c3 Ne4 10. Ne5 Bxe5 11.
Bxe5 Nxe5 12. dxe5 c5 13. O-O-O Qc7 14. f4 b5 15.
Nxe4 dxe4 16. Bxb5 Qa5 17. Kb1 Rab8 18. Bc4 Bc6 19.
Rd6 Rb6 20. Qc2 Rfb8 21. b3 Bb5 22. Bxb5 Rxb5 23. Rhd1 h6 24. Qxe4 Rxb3+ 25. axb3 Rxb3+ 26. Kc2 Qxc3# 0-1

[Event "*** Titled Tuesday Blitz"]
[Site "Chess.com"]
[Date "2020.04.21"]
[Round "6"]
[White "Anton_Demchenko"]
[Black "RaphaeI"]
[Result "1-0"]
[WhiteElo "2849"]
[BlackElo "2660"]
[TimeControl "180+1"]
[EndTime "11:06:21 PDT"]
[Termination "Anton_Demchenko won by resignation"]

1. d4 Nf6 2. Nf3 d5 3. Bf4 c5 4. e3 Nc6 5. Nbd2 cxd4 6. exd4 Bf5 7. Bb5 Qb6 8. c4 dxc4 9. a4 a6 10. Nxc4 Qd8 11. Bxc6+ bxc6 12. a5 e6 13. O-O Nd5 14. Bg3 Rc8 15. Qb3 Be7 16. Nb6 O-O 17. Rfc1 Bf6 18. Nxc8 Qxc8 19. Qc4 Ne7 20. Bd6 Be4 21. Ne5 Bd5 22. Qc5 Qb7 23. Qb6 1-0

[Event "*** Titled Tuesday Blitz"]
[Site "Chess.com"]
[Date "2020.04.21"]
[Round "6"]
[White "mjray79"]
[Black "ZeZacarias"]
[Result "1-0"]
[WhiteElo "2267"]
[BlackElo "2057"]
[TimeControl "180+1"]
[EndTime "11:06:24 PDT"]
[Termination "mjray79 won by resignation"]

1. d4 d5 2. c4 c6 3. Nf3 Nf6 4. Nc3 a6 5. c5 g6 6. h3 Bg7 7. Bf4 Nbd7 8. e3 O-O 9. Bd3 Re8 10. O-O Nh5 11. Bh2 e5 12. Be2 exd4 13. exd4 Nhf6 14. Rc1 Ne4 15. Bd3 Nxc3 16. bxc3 Nf6 17. c4 Be6 18. cxd5 Bxd5 19. Rb1 Qc8 20. Rb6 Bxf3 21. Qxf3 Nd7 22. Rb4 a5 23. Ra4 b5 24. cxb6 Nxb6 25. Ra3 Bxd4 26. Rc1 c5 27. Rb3 Qe6 28. Bb5 a4 29.
Rbb1 Red8 30. Bc6 Rac8 31. Rxb6 Rd6 32. Bxd6 1-0

[Event "*** Titled Tuesday Blitz"]
[Site "Chess.com"]
[Date "2020.04.21"]
[Round "6"]
[White "Onwgs"]
[Black "ArnaudovP"]
[Result "0-1"]
[WhiteElo "2480"]
[BlackElo "2636"]
[TimeControl "180+1"]
[EndTime "11:06:28 PDT"]
[Termination "ArnaudovP won by resignation"]

1. e4 c6 2. d4 d5 3. Nd2 dxe4 4. Nxe4 Nf6 5. Nxf6+ exf6 6. c3 Bd6 7. Bd3 O-O 8.
Qc2 Re8+ 9. Ne2 h5 10. Be3 h4 11. O-O-O Nd7 12. h3 Nf8 13. g3 hxg3 14. Rdg1 Qa5 15.
Nxg3 Bxg3 16. Rxg3 Qxa2 17. Rhg1 Ne6 18. Bh6 Kf8 19.
Bxg7+ Nxg7 20. Rxg7 Re1+ 21. Rxe1 Kxg7 22. Rg1+ Kf8 23.
Bh7 Qa1+ 24. Qb1 Qxb1+ 25. Kxb1 Ke7 26. Rg8 Bf5+ 27. Kc1 Rxg8 28. Bxg8 Kf8 0-1

[Event "*** Titled Tuesday Blitz"]
[Site "Chess.com"]
[Date "2020.04.21"]
[Round "6"]
[White "andy_rekt"]
[Black "Sanyura"]
[Result "0-1"]
[WhiteElo "2257"]
[BlackElo "2429"]
[TimeControl "180+1"]
[EndTime "11:06:29 PDT"]
[Termination "Sanyura won by checkmate"]

1. d4 Nf6 2. c4 c5 3. d5 b5 4.
cxb5 a6 5. bxa6 e6 6. Nc3 exd5 7. Nxd5 Be7 8. Nxe7 Qxe7 9. Nf3 O-O 10. e3 Rxa6 11.
Be2 Ne4 12. O-O Rg6 13. Qd5 Nc6 14. Bd3 Nf6 15. Qc4 d5 16. Qc2 Nb4 17. Qe2 Nxd3 18. Qxd3 Bh3 19. Nh4 Rg4 20. Kh1 Rxh4 21. gxh3 Qd7 22. e4 Rxh3 23. f3 Qc7 24. Rf2 Ng4 25.
Rg2 Rxh2+ 26. Kg1 Rxg2+ 27. Kxg2 Qh2+ 28. Kf1 Qf2# 0-1

[Event "*** Titled Tuesday Blitz"]
[Site "Chess.com"]
[Date "2020.04.21"]
[Round "6"]
[White "AcsinteMatei"]
[Black "FrogMist"]
[Result "1-0"]
[WhiteElo "2261"]
[BlackElo "2401"]
[TimeControl "180+1"]
[EndTime "11:06:30 PDT"]
[Termination "AcsinteMatei won by resignation"]

1. d4 Nf6 2. Bf4 d5 3. e3 c5 4.
c3 Nc6 5. Nd2 e6 6. Ngf3 cxd4 7.
exd4 Nh5 8. Bg5 f6 9. Bh4 Bd6 10.
Bg3 Nf4 11. Bxf4 Bxf4 12. g3 Bd6 13. Bg2 O-O 14. O-O Bd7 15. Re1 b5 16. a4 a6 17.
Qe2 Qb6 18. b4 bxa4 19. Rxa4 a5 20. Rea1 Ra7 21. Bh3 Nd8 22. Rxa5 Rxa5 23. Rxa5 Qc7 24.
Qd3 Re8 25. Nb3 Nb7 26. Ra7 Qb6 27. Qa6 Qxa6 28. Rxa6 Kf7 29. Rb6 Rb8 30. Nc5 Bxc5 31. dxc5 Ra8 32. Rxb7 1-0

[Event "*** Titled Tuesday Blitz"]
[Site "Chess.com"]
[Date "2020.04.21"]
[Round "6"]
[White "mbachez"]
[Black "erlesfar"]
[Result "1-0"]
[WhiteElo "2435"]
[BlackElo "2261"]
[TimeControl "180+1"]
[EndTime "11:06:31 PDT"]
[Termination "mbachez won by resignation"]

1. e4 d5 2. exd5 Qxd5 3. Nc3 Qa5 4. g3 c6 5. Bg2 Nf6 6. d3 Bg4 7. Nf3 Nbd7 8. h3 Bh5 9. Bd2 Qc7 10. Qe2 e6 11.
O-O-O O-O-O 12. Kb1 Nd5 13. Nxd5 exd5 14. g4 Bg6 15. h4 h5 16. g5 Bd6 17. Bh3 Kb8 18. Bc3 Rhe8 19. Qd2 Bf4 20. Ba5 b6 21. Qb4 Ka8 22.
Bxd7 Rxd7 23. Nd4 bxa5 24. Qa4 Rc8 25. Rhe1 Bd6 26. Nb3 Bb4 27. c3 Bd6 28. Ka1 Re7 29. Nxa5 Rxe1 30. Rxe1 Qd7 31. Qd4 Re8 32. Rxe8+ Qxe8 33.
a3 Qe5 34. Qa4 Qe8 35. Nxc6 Qd7 36. Qb5 Bxd3 37. Qxd5 Qe6 38. Qxd3 1-0

[Event "*** Titled Tuesday Blitz"]
[Site "Chess.com"]
[Date "2020.04.21"]
[Round "6"]
[White "Shazuli9878"]
[Black "SerGo055"]
[Result "0-1"]
[WhiteElo "2403"]
[BlackElo "2581"]
[TimeControl "180+1"]
[EndTime "11:06:32 PDT"]
[Termination "SerGo055 won by resignation"]

1. Nf3 Nf6 2. d4 e6 3. Bg5 d5 4. e3 Nbd7 5. Bd3 c5 6. c3 Bd6 7.
Nbd2 Qc7 8. O-O O-O 9. Qe2 h6 10.
Bh4 Re8 11. dxc5 Nxc5 12. Bxf6 gxf6 13. e4 Nxd3 14. Qxd3 dxe4 15. Nxe4 Be7 16. Rad1 f5 17. Ng3 b6 18. Qe3 f4 19. Qe4 Bb7 20. Qa4 fxg3 21.
fxg3 Rad8 22. Qg4+ Kf8 23. Qh5 Qc5+ 24. Qxc5 Bxc5+ 25. Kh1 Bxf3 26. Rxf3 Rxd1+ 0-1

[Event "*** Titled Tuesday Blitz"]
[Site "Chess.com"]
[Date "2020.04.21"]
[Round "6"]
[White "TastyFrenchFries"]
[Black "ReyesBraulio"]
[Result "1-0"]
[WhiteElo "2386"]
[BlackElo "2146"]
[TimeControl "180+1"]
[EndTime "11:06:32 PDT"]
[Termination "TastyFrenchFries won by resignation"]

1. e4 d5 2. exd5 Qxd5 3. Qf3 Qxf3 4. Nxf3 c6 5. Be2 Nf6 6. O-O Bf5 7. d3 e6 8. h3 Bd6 9. Nbd2 Nbd7 10. a4 O-O-O 11. Nc4 Bc7 12. b4 Nd5 13. Bd2 h5 14. b5 c5 15. a5 Bb8 16. Ng5 Rdf8 17. Ne4 Bxe4 18. dxe4 Nf4 19. Bf3 g5 20. a6 b6 21. Rad1 Ne5 22. Bxf4 Nxf3+ 23. gxf3 Bxf4 24. e5 f6 25. Rd6 Bxe5 26. Nxe5 fxe5 27. Kg2 Rf6 28. Rfd1 Rh7 29. Rd8+ Kc7 30. Ra8 Rff7 31. Rxa7+ Kc8 32. Ra8+ Kc7 33. Rdd8 Rd7 34. Rac8+ Kd6 35. Rc6+ Kd5 36. Rxd7+ Rxd7 37. Rxb6 1-0

[Event "*** Titled Tuesday Blitz"]
[Site "Chess.com"]
[Date "2020.04.21"]
[Round "6"]
[White "talman67"]
[Black "fugadelafuga"]
[Result "1-0"]
[WhiteElo "2560"]
[BlackElo "2396"]
[TimeControl "180+1"]
[EndTime "11:06:35 PDT"]
[Termination "talman67 won by resignation"]

1. e4 c5 2. Nf3 Nc6 3. Bb5 g6 4. Bxc6 dxc6 5. d3 Bg7 6. Nc3 Nf6 7. h3 Nd7 8. Bg5 h6 9. Be3 b6 10. d4 cxd4 11. Bxd4 e5 12. Be3 Nf8 13. Qe2 Ne6 14. Rd1 Qe7 15. O-O O-O 16. Qc4 Bb7 17. a4 a5 18. Rfe1 Ba6 19. Qxc6 Rfc8 20. Nd5 Qf8 21. Qxb6 Rcb8 22. Qc6 Rxb2 23. Rb1 Rxb1 24. Rxb1 Be2 25. Nd2 Rc8 26. Qxc8 1-0

[Event "*** Titled Tuesday Blitz"]
[Site "Chess.com"]
[Date "2020.04.21"]
[Round "6"]
[White "H3nriqueTV"]
[Black "GracefulYear"]
[Result "1-0"]
[WhiteElo "2152"]
[BlackElo "2516"]
[TimeControl "180+1"]
[EndTime "11:06:38 PDT"]
[Termination "H3nriqueTV won by resignation"]

1. e4 c6 2. d4 d5 3. Nc3 dxe4 4. Nxe4 Bf5 5. Ng3 Bg6 6. h4 h6 7. h5 Bh7 8. Nf3 Nd7 9. Bd3 Bxd3 10. Qxd3 e6 11.
Bf4 Qa5+ 12. c3 Ngf6 13. Ne5 Be7 14. Ne4 Nxe4 15. Qxe4 Nf6 16. Qd3 Nd5 17. Bd2 Qc7 18.
O-O-O Bf6 19. f4 O-O-O 20. g4 Kb8 21. Rhe1 Ka8 22. g5 hxg5 23. fxg5 Bxe5 24. Rxe5 Rxh5 25. Rf1 Nb6 26. Qf3 Rd7 27. Qxh5 a5 28. Rxa5+ Kb8 29. Bf4 Rd6 30. Qh8+ Nc8 31. Bxd6 Qxd6 32. Ra8+ Kxa8 33. Qxc8+ Ka7 34. Rxf7 Qb4 35. cxb4 1-0

[Event "*** Titled Tuesday Blitz"]
[Site "Chess.com"]
[Date "2020.04.21"]
[Round "6"]
[White "MoreChessJulia"]
[Black "MusicCityMaster"]
[Result "0-1"]
[WhiteElo "1771"]
[BlackElo "2294"]
[TimeControl "180+1"]
[EndTime "11:06:41 PDT"]
[Termination "MusicCityMaster won by resignation"]

1. d4 Nf6 2. c4 c5 3. Nf3 cxd4 4. Nxd4 e5 5. Nc2 d5 6. e3 Nc6 7. cxd5 Qxd5 8. Qxd5 Nxd5 9. a3 Bf5 10. e4 Bxe4 11.
Ne3 Nf4 12. Bb5 Nxg2+ 13. Nxg2 Bxg2 14. Rg1 Be4 15. Nc3 Bg6 16. Bxc6+ bxc6 17. Be3 Be7 18. O-O-O f5 19. Bg5 Bxg5+ 20. Rxg5 Ke7 21. h4 Rhd8 22.
h5 Rxd1+ 23. Nxd1 Kf6 24. Rg3 Bxh5 25. Rc3 Rc8 26. Ne3 Ke6 27. Nc4 e4 28. Rh3 Bg6 29. f3 Rd8 30. fxe4 fxe4 31. Nd2 Rd3 0-1

[Event "*** Titled Tuesday Blitz"]
[Site "Chess.com"]
[Date "2020.04.21"]
[Round "6"]
[White "benko_008"]
[Black "ftorodent"]
[Result "1-0"]
[WhiteElo "2516"]
[BlackElo "2648"]
[TimeControl "180+1"]
[EndTime "11:06:44 PDT"]
[Termination "benko_008 won by resignation"]

1. Nf3 d5 2. d4 Bf5 3. c4 e6 4. Nc3 c6 5. Bf4 Nd7 6. e3 Ngf6 7. h3 h6 8. Qb3 Qb6 9. c5 Qxb3 10.
axb3 a6 11. b4 Rc8 12. Nd2 g5 13. Bh2 Be7 14. Nb3 Bd8 15. Na5 Bxa5 16. bxa5 Ne4 17. f3 Nxc3 18. bxc3 f6 19. Bd6 e5 20. Kd2 Rh7 21.
g4 Bg6 22. h4 exd4 23. cxd4 Nf8 24. h5 Bf7 25. Bd3 Rg7 26. Rab1 Be6 27. Rb2 Rd8 28.
Rhb1 Rdd7 29. Bxa6 1-0

[Event "*** Titled Tuesday Blitz"]
[Site "Chess.com"]
[Date "2020.04.21"]
[Round "6"]
[White "White_Ghost"]
[Black "lifeissofun"]
[Result "1-0"]
[WhiteElo "2442"]
[BlackElo "2275"]
[TimeControl "180+1"]
[EndTime "11:06:44 PDT"]
[Termination "White_Ghost won by resignation"]

1. d4 Nf6 2. c4 e6 3. Nf3 Bb4+ 4. Bd2 Be7 5. g3 O-O 6. Bg2 d5 7. O-O Ne4 8. Nc3 Nd7 9. cxd5 Nxc3 10. Bxc3 exd5 11.
Rc1 c6 12. e3 Re8 13. Qd2 Bd6 14. Bb4 Nf6 15. Bxd6 Qxd6 16. Ne5 Nd7 17. f4 f6 18. Nd3 Nb6 19. b3 a5 20. a4 Bf5 21. Nc5 Re7 22. Kf2 h5 23. h3 Nc8 24. Bf3 Bxh3 25.
Rh1 Bg4 26. Bxg4 hxg4 27. Qd3 b6 28. Qh7+ Kf7 29. Qh5+ Kf8 30. Qg6 Rf7 31. Nb7 Qd7 32.
Nd8 Nd6 33. Rh8+ Ke7 34. Nxf7 Ne4+ 35. Kg2 Rxh8 1-0

[Event "*** Titled Tuesday Blitz"]
[Site "Chess.com"]
[Date "2020.04.21"]
[Round "6"]
[White "dennisodessa"]
[Black "Yanidze"]
[Result "1-0"]
[WhiteElo "2307"]
[BlackElo "2435"]
[TimeControl "180+1"]
[EndTime "11:06:49 PDT"]
[Termination "dennisodessa won by resignation"]

1. d4 g6 2. c4 Bg7 3. e4 c5 4. d5 d6 5. Bd3 Nf6 6. Nc3 O-O 7. h3 e6 8. Nf3 exd5 9. cxd5 c4 10. Bxc4 Nbd7 11. O-O Nc5 12. Re1 Re8 13. Bb5 Bd7 14. Bxd7 Qxd7 15. e5 dxe5 16. Nxe5 Qd8 17. Bf4 Nfd7 18.
Nxd7 Qxd7 19. Qd2 Rac8 20. Rad1 a6 21. d6 Ne6 22. Bg3 Nd4 23. Nd5 Rc2 24. Rxe8+ Qxe8 25. Ne7+ Kh8 26. Qxc2 1-0

[Event "*** Titled Tuesday Blitz"]
[Site "Chess.com"]
[Date "2020.04.21"]
[Round "6"]
[White "aaronmaster123"]
[Black "1g41-0"]
[Result "1-0"]
[WhiteElo "2304"]
[BlackElo "2429"]
[TimeControl "180+1"]
[EndTime "11:06:50 PDT"]
[Termination "aaronmaster123 won by resignation"]

1. d4 Nf6 2. c4 c5 3. d5 b5 4. Nf3 g6 5. a4 bxc4 6. Nc3 Ba6 7. e4 d6 8. a5 Bg7 9. Bxc4 Bxc4 10.
Qa4+ Nbd7 11. Qxc4 O-O 12. O-O Ng4 13. Qe2 Rb8 14. h3 Nge5 15. Nd2 g5 16. Rd1 Ng6 17. Nf1 h6 18. Ng3 Nde5 19. Nf5 c4 20.
Qh5 e6 21. Nxh6+ Bxh6 22. Qxh6 g4 23. h4 Qxh4 24. Qxh4 Nxh4 25. dxe6 fxe6 26. Rxd6 Nd3 27.
Nd1 e5 28. Be3 Kf7 29. Bxa7 Rb7 30. Be3 Rg8 31. a6 Rbb8 32. a7 Ra8 33. Raa6 Ng6 34. Rf6+ Ke7 35. Rxg6 1-0

[Event "*** Titled Tuesday Blitz"]
[Site "Chess.com"]
[Date "2020.04.21"]
[Round "6"]
[White "Pultis"]
[Black "amiralfio"]
[Result "1-0"]
[WhiteElo "2735"]
[BlackElo "2529"]
[TimeControl "180+1"]
[EndTime "11:06:52 PDT"]
[Termination "Pultis won on time"]

1. d4 d5 2. c4 c6 3. Nf3 Nf6 4.
Nc3 e6 5. e3 Nbd7 6. Qc2 Bd6 7.
b3 b6 8. Be2 O-O 9. O-O Bb7 10.
Bb2 Rc8 11. Rad1 Qe7 12. Qb1 Rfd8 13. Rfe1 a6 14. Bd3 e5 15. e4 dxc4 16. Bxc4 b5 17. Bf1 g6 18. Qa1 c5 19. dxe5 Nxe5 20. Nxe5 Qxe5 21.
g3 Ng4 22. Nd5 Qh5 23. h3 Bxd5 24. hxg4 Qxg4 25. exd5 c4 26. bxc4 bxc4 27. Be5 Bc5 28. Kg2 Re8 29. d6 1-0

[Event "*** Titled Tuesday Blitz"]
[Site "Chess.com"]
[Date "2020.04.21"]
[Round "6"]
[White "RU_B9"]
[Black "INLOVEWITHF"]
[Result "0-1"]
[WhiteElo "1853"]
[BlackElo "2514"]
[TimeControl "180+1"]
[EndTime "11:06:53 PDT"]
[Termination "INLOVEWITHF won on time"]

1. c4 g6 2. e4 Bg7 3. d4 d6 4.
Nc3 Nf6 5. Be2 O-O 6. Nf3 Nbd7 7. O-O e5 8. d5 Nc5 9. Qc2 a5 10. Ne1 Nfd7 11. b3 f5 12. f3 Nf6 13. Be3 b6 14. a3 Bd7 15. Nd3 Nh5 16. b4 Nxd3 17.
Bxd3 Nf4 18. c5 fxe4 19. Bxe4 Qg5 20. Kh1 Qh5 21. cxb6 cxb6 22. Bxb6 axb4 23. axb4 Rac8 24. Rfc1 Bh6 25. Be3 Rxc3 26. Qxc3 Ne2 27. Qd2 Ng3+ 28. Kg1 Bxe3+ 0-1

[Event "*** Titled Tuesday Blitz"]
[Site "Chess.com"]
[Date "2020.04.21"]
[Round "6"]
[White "crazy_but_lazy"]
[Black "MisiekZielony"]
[Result "1-0"]
[WhiteElo "2374"]
[BlackElo "2060"]
[TimeControl "180+1"]
[EndTime "11:06:57 PDT"]
[Termination "crazy_but_lazy won by resignation"]

1. d4 d5 2. c4 c6 3. cxd5 cxd5 4. Bf4 Nc6 5. e3 Nf6 6. Nc3 e6 7. Bd3 Be7 8. Nge2 O-O 9. O-O Nh5 10. Rc1 Nxf4 11.
Nxf4 g6 12. Na4 Bd7 13. Nc5 Bxc5 14. Rxc5 Qb6 15. b3 Rfc8 16. Qd2 Qb4 17. Qe2 Qa3 18.
Rfc1 b6 19. R5c3 Nb4 20. Rxc8+ Rxc8 21. Rxc8+ Bxc8 22. Bb1 Qb2 23. Qxb2 1-0

[Event "*** Titled Tuesday Blitz"]
[Site "Chess.com"]
[Date "2020.04.21"]
[Round "6"]
[White "Yuri202062"]
[Black "hedgehog280"]
[Result "0-1"]
[WhiteElo "2476"]
[BlackElo "2660"]
[TimeControl "180+1"]
[EndTime "11:06:58 PDT"]
[Termination "hedgehog280 won by checkmate"]

1. d4 d6 2. e4 g6 3. Nc3 Bg7 4. Be3 Nf6 5. Qd2 c6 6. Bh6 O-O 7. O-O-O b5 8. f3 a5 9. h4 b4 10. Nce2 a4 11. Bxg7 Kxg7 12. h5 b3 13. a3 bxc2 14.
Kxc2 Qa5 15. Nc3 Be6 16. hxg6 fxg6 17. Qh6+ Kg8 18. Kc1 Nbd7 19. Nh3 Bxh3 20. Qxh3 Rfb8 21. Qe6+ Kh8 22. g4 Rb3 23. Rh2 Rxc3+ 24. bxc3 Qxc3+ 25. Rc2 Qxa3+ 26. Kd2 Qxf3 27. Bd3 Qf4+ 28. Kc3 c5 29. Qxe7 Re8 30. Rf1 Qe3 31. Qf7 Qxd4+ 32. Kd2 Nxe4+ 33. Kc1 Qa1# 0-1

[Event "*** Titled Tuesday Blitz"]
[Site "Chess.com"]
[Date "2020.04.21"]
[Round "6"]
[White "ama18"]
[Black "Andrei_Belozerov"]
[Result "1-0"]
[WhiteElo "2485"]
[BlackElo "2590"]
[TimeControl "180+1"]
[EndTime "11:07:00 PDT"]
[Termination "ama18 won by resignation"]

1. e4 c5 2. Nf3 d6 3. d4 cxd4 4. Nxd4 Nf6 5. Nc3 a6 6. h3 e5 7. Nde2 h5 8. Bg5 Be6 9. Bxf6 Qxf6 10. Nd5 Qd8 11. Qd3 Nc6 12. O-O-O Rc8 13. Nec3 Nd4 14. Kb1 g6 15. f4 Bg7 16. Rg1 O-O 17. g4 hxg4 18. hxg4 exf4 19. Nxf4 Qb6 20. Ncd5 Bxd5 21. Nxd5 Qc5 22. c3 Nc6 23. Rh1 Rfe8 24. g5 Re5 25. Qh3 Ne7 26. Nf6+ Bxf6 27. Qh7+ Kf8 28. gxf6 1-0

[Event "*** Titled Tuesday Blitz"]
[Site "Chess.com"]
[Date "2020.04.21"]
[Round "6"]
[White "GMartin_Petrov"]
[Black "Lysiak_Poltorak"]
[Result "1-0"]
[WhiteElo "2597"]
[BlackElo "2340"]
[TimeControl "180+1"]
[EndTime "11:07:00 PDT"]
[Termination "GMartin_Petrov won by checkmate"]

1. e4 c5 2. Nf3 d6 3. d4 cxd4 4. Nxd4 Nf6 5. Nc3 g6 6. Be3 Bg7 7. f3 O-O 8. Qd2 Nc6 9. Bc4 Bd7 10. h4 Rc8 11. Bb3 h5 12. O-O-O Ne5 13. Kb1 a6 14. Bh6 Nc4 15. Bxc4 Rxc4 16. Bxg7 Kxg7 17. g4 hxg4 18. h5 Rh8 19. hxg6 fxg6 20. b3 Rc5 21. fxg4 Nxg4 22. Nd5 e6 23. Rxh8 Qxh8 24. Qg5 exd5 25. Qe7+ Kg8 26.
Qd8+ Kh7 27. Qxd7+ Qg7 28. Qxg4 dxe4 29. Ne6 Qe5 30. Nf8+ Kg7 31. Qxg6+ Kxf8 32. Rf1+ Ke7 33. Rf7+ Ke8 34. Qg8# 1-0

[Event "*** Titled Tuesday Blitz"]
[Site "Chess.com"]
[Date "2020.04.21"]
[Round "6"]
[White "BrizuelaReivis"]
[Black "DucksParadise"]
[Result "1-0"]
[WhiteElo "2267"]
[BlackElo "2062"]
[TimeControl "180+1"]
[EndTime "11:07:00 PDT"]
[Termination "BrizuelaReivis won on time"]

1. d4 d6 2. c4 e5 3. Nf3 e4 4.
Ng5 f5 5. e3 Be7 6. Nh3 c6 7. Nc3 Nf6 8. Qb3 Na6 9. Bd2 Nc7 10.
Rc1 O-O 11. Be2 Rb8 12. Nf4 g5 13. Nh5 Nxh5 14. Bxh5 Be6 15. d5 Bf7 16. Bxf7+ Rxf7 17. Ne2 c5 18. Qa3 a6 19. b4 cxb4 20. Bxb4 b5 21. Nd4 bxc4 22. Nc6 Qc8 23. Nxb8 Qxb8 24. Bxd6 Nb5 25.
Bxb8 1-0